Map: Automne céruléen EC

Players

dew

  • Race: Terran Terran
  • League: Gold
  • Spawn Location: 7:00

zidar - Winner!

  • Race: Zerg Zerg
  • Spawn Location: 1:00

VOD

Have the link to the VOD?

Description

Time

  • Played on: Dec. 24, 2018, 9:24 a.m.
  • Length: 4:49
Show
View Real Time Build Order
Export as new Build Order

dew Terran 

Build Orders:  

Get SALT Encoding   

  12  0:01  SCV  
  13  0:13  SCV  
  14  0:22  Supply Depot  
  14  0:25  SCV  
  15  0:41  Refinery  
  15  0:44  SCV  
  16  0:50  Barracks  
  16  0:56  SCV  
  17  1:08  SCV, Supply Depot  
  18  1:20  SCV  
  19  1:32  SCV  
  20  1:38  Barracks Reactor  
  20  1:40  Refinery  
  20  1:44  SCV  
  20  1:46  Barracks  
  21  1:59  SCV  
  22  2:11  SCV  
  22  2:12  Factory  
  23  2:35  Reaper x2  
  25  2:37  Barracks Tech Lab  
  25  2:41  Engineering Bay  
  25  3:06  Reaper  
  25  3:07  Reaper x2  
  28  3:29  Command Center  
  28  3:30  Supply Depot  
  26  3:46  Marine x3  
  29  4:00  Factory Reactor  
  29  4:09  Starport  
  29  4:13  Marine x3  
  25  4:31  Marine x3  
Show
View Real Time Build Order
Export as new Build Order

zidar Zerg - Winner!

Build Orders: Hatch First 

Get SALT Encoding   

  12  0:01  Drone  
  13  0:12  Overlord  
  13  0:19  Drone  
  14  0:30  Drone x2  
  16  0:36  Drone  
  17  0:55  Hatchery  
  17  0:56  Drone  
  17  1:02  Extractor, Drone  
  17  1:23  Drone  
  17  1:24  Spawning Pool  
  17  1:35  Drone  
  17  1:36  Drone  
  19  1:41  Overlord  
  19  2:10  Metabolic Boost  
  19  2:12  Queen  
  19  2:13  Queen  
  23  2:16  Zergling x2  
  23  2:19  Zergling x2  
  25  2:26  Drone  
  25  2:27  Drone  
  27  2:30  Zergling x2  
  28  2:52  Roach Warren  
  28  2:57  Drone x5  
  32  3:02  Overlord  
  32  3:27  Zergling x2  
  32  3:28  Zergling x16  
  40  3:58  Overlord x2  
  40  3:59  Overlord x2  
  38  4:29  Roach x9  
  38  4:30  Roach x3  
Tags
 
Add a new tag
Caveats
  • Supply blocks, unpowered buildings, or Contaminate may cause inaccurate times.
  • Supply counts are checked every 10 seconds.